 Dungeon Crawl Stone Soup version 0.28-a0-850-g09de17f5b5 (webtiles) character file.

Game seed: 11985793720262626079

196 bande the Covered (level 5, -2/33 HPs)
             Began as a Gargoyle Fighter on Nov 13, 2021.
             Slain by Grinder (7 damage)
             ... on level 2 of the Dungeon.
             The game lasted 00:02:55 (2286 turns).

bande the Covered (Gargoyle Fighter)                Turns: 2286, Time: 00:02:55

Health: -2/33      AC: 13    Str: 20    XL:     5   Next: 75%
Magic:  5/5        EV:  7    Int:  9    God:
Gold:   100        SH:  4    Dex:  9    Spells: 4/4 levels left

rFire   . . .      SeeInvis .   a - +0 war axe
rCold   . . .      Faith    .   c - +0 buckler
rNeg    + . .      Spirit   .   g - +0 chain mail
rPois   ∞          Reflect  .   (no helmet)
rElec   +          Harm     .   (no cloak)
rCorr   .          Rampage  .   (no gloves)
Will    .....                   (no boots)
Stlth   ..........              (no amulet)
HPRegen 0.11/turn               (no ring)
MPRegen 0.09/turn               (no ring)

@: mighty, flying
A: sickness immunity, AC +4, negative energy resistance 1, electricity
resistance, torment resistance 1, petrification resistance
a: no special abilities


You were on level 2 of the Dungeon.
You visited 1 branch of the dungeon, and saw 3 of its levels.

You collected 100 gold pieces.

Inventory:

Hand Weapons
 a - a +0 war axe (weapon)
Armour
 c - a +0 buckler (worn)
 g - a +0 chain mail (worn)
Jewellery
 f - a ring of positive energy
Wands
 j - a wand of flame (23)
Scrolls
 h - a scroll of teleportation
Potions
 i - 2 potions of invisibility


   Skills:
 + Level 4.1 Fighting
 + Level 3.5 Axes
 + Level 4.5 Armour
 - Level 0.5 Stealth
 + Level 3.9 Shields


You had 4 spell levels left.
You didn't know any spells.
Your spell library was empty.

Dungeon Overview and Level Annotations

Branches:
Dungeon (3/15)

Altars:

Annotations:
D:2 Grinder


Innate Abilities, Weirdness & Mutations

You are immune to sickness and miasma.
Your stone body is resilient. (AC +4)
You are immune to poison.
You resist negative energy. (rN+)
You are resistant to electric shocks. (rElec)
You are resistant to unholy torment.
You are immune to petrification.


Message History

There is a stone staircase leading down here.
Unknown command.
You hit Grinder but do no damage. Grinder hits you but does no damage.
You barely miss Grinder. Grinder closely misses you.
You hit Grinder.
Grinder is lightly wounded.
Grinder hits you.
You writhe in agony.
You barely miss Grinder.
Grinder is lightly wounded.
Grinder gestures at you. Pain shoots through your body!
Grinder gestures at you.
You suddenly lose the ability to move!
Grinder hits you but does no damage. Grinder hits you.
You writhe in agony.
You can move again.
You closely miss Grinder.
Grinder is lightly wounded.
Grinder hits you.
You writhe in agony.
You slash Grinder!
Grinder is moderately wounded.
Grinder hits you!
You writhe in agony.
* * * LOW HITPOINT WARNING * * *
Unknown command.
You hit Grinder but do no damage.
Grinder is moderately wounded.
Grinder gestures at you. Pain shoots through your body!
* * * LOW HITPOINT WARNING * * *
Grinder gestures at you.
You shrug off the repeated paralysis!
It was a potion of flight.
You feel very buoyant.
You fly up into the air.
Grinder hits you but does no damage.
You feel very mighty all of a sudden. Grinder hits you but does no damage.
You slash Grinder!
Grinder is severely wounded.
Grinder hits you!
You die...

#################
#...............#
#.####.#####.##.#
#.# #.# #.##.##
#.# #.# #.##...
#.# #.# #.#####
#.####.# #.#
#@#....# #.#
#5#.#### #.#
#.#.## #.# #.)..#
#[# ##....### #.#
#.......#####.#
#.............#
#.......#######
###...###


You could see Grinder.

Vanquished Creatures
  Sigmund (D:2)
  A dart slug (D:1)
  An orc (D:2)
  2 bats (D:1)
  3 endoplasms (D:2)
  A giant cockroach (D:2)
  5 goblins
  2 hobgoblins (D:2)
  4 jackals
  3 kobolds
  2 quokkas (D:2)
  3 ball pythons
  3 frilled lizards
  3 rats
34 creatures vanquished.

Notes
Turn   | Place    | Note
-------+----------+-------------------------------------------
     0 | D:1      | bande the Gargoyle Fighter began the quest for the Orb.
     0 | D:1      | Reached XP level 1. HP: 14/14 MP: 1/1
    91 | D:1      | Reached XP level 2. HP: 19/19 MP: 2/2
   193 | D:1      | Found a faded altar of an unknown god.
  1079 | D:2      | Reached XP level 3. HP: 21/23 MP: 3/3
  1363 | D:2      | Noticed Sigmund
  1374 | D:2      | Killed Sigmund
  1375 | D:2      | Reached XP level 4. HP: 12/29 MP: 4/4
  1375 | D:2      | Reached XP level 5. HP: 14/33 MP: 5/5
  2272 | D:3      | Noticed Grinder
  2278 | D:2      | Paralysed by Grinder for 3 turns
  2286 | D:2      | Slain by Grinder

Illustrated notes

Levels and vault maps discovered:
D:1:      moated_graveyard_arrival, layout_rooms,
          shapermc_ecumenical_altar_venn, minmay_misc_feat_plants
D:2:      layout_loops_ring, uniq_sigmund
D:3:      layout_basic, minivault_19, uniq_grinder, uniq_pargi, uniq_ijyb,
          uniq_terence

Skill      XL: |  1  2  3 |
---------------+----------+-----
Axes           | 2 3 |  3.5
Fighting       | 4 |  4.1
Armour         | 4 |  4.5
Stealth        | |  0.5
Shields        | |  3.9

Action                   |  1- 3 |  4- 6 || total
-------------------------+-------+-------++-------
Melee: War axe           |    71 |    33 ||   104
  Use: Scroll            |     3 |     2 ||     5
       Potion            |       |     2 ||     2
Armor: Scale mail        |    34 |    16 ||    50
       Chain mail        |       |     4 ||     4
Dodge: Dodged            |    27 |    12 ||    39
Block: Buckler           |    13 |     5 ||    18

Table legend: (Time is in decaauts)
 A = Elapsed time spent in this place.
 B = Non-inter-level travel time spent in this place.
 C = Inter-level travel time spent in this place.
 D = Time resting spent in this place.
 E = Time spent auto-exploring this place.
 F = Levels seen in this place.
 G = Mean time per level.
                   A        B        C        D        E       F      G
               +--------+--------+--------+--------+--------+-----+--------+
         Total |   2325 |   2322 |      3 |    758 |   1169 |   3 |  775.0 |
       Dungeon |   2325 |   2322 |      3 |    758 |   1169 |   3 |  775.0 |
               +--------+--------+--------+--------+--------+-----+--------+

Top non-repeatable levels by time:
     D:2: 1592 daAuts
     D:1: 731 daAuts
     D:3: 1 daAuts
